 Dungeon Crawl Stone Soup version 0.24-a0-284-g9fb9971df1 (webtiles) character file.

Game seed: 12820150854235888029

105 HAL9000 the Sneak (level 4, -2/23 HPs)
             Began as a Vine Stalker Assassin on May 4, 2019.
             Slain by an orc priest
             ... wielding a +0 flail
              (7 damage)
             ... on level 3 of the Dungeon.
             The game lasted 00:02:22 (1571 turns).

HAL9000 the Sneak (Vine Stalker Assassin)           Turns: 1571, Time: 00:02:23

Health: -2/23      AC:  3    Str: 15    XL:     4   Next: 81%
Magic:  0/5        EV: 11    Int: 11    God:
Gold:   96         SH:  0    Dex: 15    Spells: 3/3 levels left

rFire    . . .     SeeInvis .   a - +2 dagger
rCold    . . .     Gourm    .   (no shield)
rNeg     . . .     Faith    .   c - +0 robe
rPois    .         Spirit   +   (no helmet)
rElec    .         Reflect  .   d - +0 cloak
rCorr    .         Harm     .   (no gloves)
MR       .....                  (no boots)
Stlth    +++.......             (no amulet)
HPRegen  0.47/turn              (no ring)
MPRegen  0.09/turn              (no ring)

@: no status effects
A: fangs 2, regeneration 1, magic shield, antimagic bite, no potion heal 3, rot
immunity
a: no special abilities


You were on level 3 of the Dungeon.
You were not hungry.

You visited 1 branch of the dungeon, and saw 3 of its levels.

You collected 96 gold pieces.

Inventory:

Hand Weapons
 a - a +2 dagger (weapon)
 b - a +0 blowgun
 n - a +2 vampiric dagger
Missiles
 e - 14 poisoned needles
 f - 2 curare-tipped needles
Armour
 c - a +0 robe (worn)
 d - a +0 cloak (worn)
Scrolls
 h - 3 scrolls of remove curse {unknown}
 i - a scroll of blinking {unknown}
 l - a scroll of random uselessness {unknown}
 m - a scroll of immolation {unknown}
 p - a scroll of amnesia {unknown}
 q - 3 scrolls of identify {unknown}
Potions
 k - a potion of haste {unknown}
Comestibles
 g - 2 rations
 j - a chunk of flesh


   Skills:
 - Level 1.7 Fighting
 + Level 3.0 Short Blades
 - Level 1.7 Throwing
 - Level 0.7 Dodging
 + Level 6.7 Stealth


You had 3 spell levels left.
You didn't know any spells.
Your spell library was empty.

Dungeon Overview and Level Annotations

Branches:
Dungeon (3/15)

Altars:


Innate Abilities, Weirdness & Mutations

You have extremely sharp teeth.
Your natural rate of healing is unusually fast.
When hurt, damage is shared between your health and your magic reserves.
Your bite disrupts and absorbs the magic of your enemies.
Potions cannot restore your health.
You are immune to rotting.


Message History

You bite the orc priest, but do no damage.
You hit the orc priest but do no damage.
You bite the orc priest, but do no damage.
The orc priest closely misses you.
You hit the orc priest but do no damage.
You bite the orc priest, but do no damage.
The orc priest hits you with a +0 flail!
You hit the orc priest. You bite the orc priest. You drain its power.
You feel invigorated.
The orc priest is severely wounded.
The orc priest invokes the aid of Beogh against you.
Beogh smites you!
* * * LOW HITPOINT WARNING * * *
You hit the orc priest.
The orc priest is severely wounded.
You hit the orc priest.
You bite the orc priest, but do no damage.
The orc priest is almost dead.
The orc priest hits you with a +0 flail!
You die... ######## #Sooo@)#

......####<#
###.# ##.# #
##[.# #..)#
##%## #.#
#.# #.#


You could see an orc priest, an adder and 2 orcs.

Vanquished Creatures
  3 adders (D:2)
  2 worms (D:2)
  2 dart slugs (D:1)
  2 leopard geckos (D:2)
  6 orcs (D:3)
  A ball python (D:1)
  3 giant cockroaches
  10 goblins
  5 hobgoblins
  9 bats
  5 frilled lizards
  6 kobolds
  A quokka skeleton (D:2)
  5 rats
60 creatures vanquished.

Notes
Turn   | Place    | Note
-------+----------+-------------------------------------------
     0 | D:1      | HAL9000 the Vine Stalker Assassin began the quest for the
                  | Orb.
     0 | D:1      | Reached XP level 1. HP: 11/11 MP: 2/2
    29 | D:1      | Reached skill level 5 in Stealth
   197 | D:1      | Reached XP level 2. HP: 15/15 MP: 3/3
   492 | D:1      | Reached XP level 3. HP: 17/18 MP: 4/4
   609 | D:1      | Reached skill level 6 in Stealth
  1006 | D:2      | Gained mutation: Your natural rate of healing is unusually
                  | fast. [Vine Stalker growth]
  1006 | D:2      | Reached XP level 4. HP: 9/23 MP: 3/5
  1571 | D:3      | Slain by an orc priest

Levels and vault maps discovered:
D:1:      psy_arrival_dodecagon, layout_rooms, minmay_misc_feat_rows,
          minmay_box_of_dots
D:2:      layout_basic
D:3:      layout_loops_ring, chequers_temple_overflow_statue_of_worship,
          first_ration

Skill      XL: |  1  2  3  4 |
---------------+-------------+-----
Stealth        | 5 6 |  6.7
Short Blades   | 2 3 |  3.0
Fighting       | |  1.7
Throwing       | |  1.7
Dodging        | |  0.7

Action                   |  1- 3 |  4- 6 || total
-------------------------+-------+-------++-------
Melee: Dagger            |   103 |    52 ||   155
       Bite              |    27 |    17 ||    44
 Fire: Blowgun           |       |     1 ||     1
  Use: Potion            |       |     4 ||     4
 Stab: Sleeping          |     7 |     6 ||    13
  Eat: Chunk             |       |     2 ||     2
Armor: Robe              |    20 |    13 ||    33
Dodge: Dodged            |    42 |    17 ||    59

Table legend:
 A = Non-vault XP
 B = Vault XP
 C = Vault XP percentage of total XP
 D = Non-vault monster count
 E = Vault monster count
 F = Vault count percentage of total count
                 A         B        C        D         E       F
            +---------+---------+-------+---------+---------+-------
      Total |     145 |       5 |   3.3 |      57 |       3 |   5.0
            +---------+---------+-------+---------+---------+-------
        D:1 |      41 |       5 |  10.9 |      24 |       3 |  11.1
        D:2 |      86 |       0 |   0.0 |      27 |       0 |   0.0
        D:3 |      18 |       0 |   0.0 |       6 |       0 |   0.0
            +---------+---------+-------+---------+---------+-------
